 Dungeon Crawl Stone Soup version 0.20.1-1-g8b1a95d (console) character file.

204 Jazqa the Cudgeler (level 5, -2/33 HPs)
             Began as a Gargoyle Gladiator on Nov 3, 2017.
             Slain by a slave (5 damage)
             ... led by Pikel
             ... on level 4 of the Dungeon.
             The game lasted 00:05:14 (2780 turns).

Jazqa the Cudgeler (Gargoyle Gladiator)             Turns: 2780, Time: 00:05:14

Health: -2/33      AC: 13    Str: 19    XL:     5   Next: 82%
Magic:  5/5        EV:  8    Int:  8    God:
Gold:   161        SH:  0    Dex: 11    Spells: 4/4 levels left

rFire    . . .     SeeInvis .   g - +0 morningstar
rCold    . . .     Gourm    .   (no shield)
rNeg     + . .     Faith    .   r - +0 chain mail
rPois    ∞         Spirit   .   c - +0 helmet
rElec    +         Reflect  .   (no cloak)
rCorr    .         Harm     .   (no gloves)
MR       .....                  (no boots)
Stlth    ..........             (no amulet)
Regen    0.2/turn               (no ring)
MPRegen  0.1/turn               (no ring)

@: no status effects
A: negative energy resistance 1, electricity resistance, unbreathing,
petrification resistance, rot immunity, AC +4
a: no special abilities


You were on level 4 of the Dungeon.
You were hungry.

You visited 1 branch of the dungeon, and saw 4 of its levels.

You collected 161 gold pieces.


Innate Abilities, Weirdness & Mutations

You are resistant to torment.
Your stone body is resilient. (AC +4)
You are immune to poison.
You resist negative energy. (rN+)
You are resistant to electric shocks. (rElec)
You can survive without breathing.
You are immune to petrification.
You are immune to rotting.


   Skills:
 + Level 4.1 Fighting
 + Level 4.6 Maces & Flails
 - Level 1.7 Throwing
 - Level 2.4 Armour
 - Level 2.4 Dodging


You had 4 spell levels left.
You didn't know any spells.

Inventory:

Hand Weapons
 g - a +0 morningstar (weapon)
Missiles
 d - 3 throwing nets (quivered) {=f}
Armour
 c - a +0 helmet (worn)
 r - a +0 chain mail (worn)
Scrolls
 b - a scroll of amnesia
 l - a scroll of teleportation {@r4}
Potions
 a - a potion of invisibility {unknown}
 e - 3 potions of might
 i - a potion of agility {unknown}
 k - 2 potions of curing {unknown}
 m - a potion of berserk rage {unknown}
 n - a potion of lignification {!q}
 o - 2 potions of brilliance {unknown}
 p - 2 potions of heal wounds {@q2}
Comestibles
 f - 3 bread rations {@e1}
 h - a meat ration {@e1}
 j - a chunk of flesh
 q - a royal jelly {@e3}

Dungeon Overview and Level Annotations

Branches:
Dungeon (4/15)
 Temple: D:4-7

Altars:
Kikubaaqudgha

Annotations:
D:4 Pikel

#... ..
#/..# ..
.... .#+
... ..
####.)#.###
.........
#.p..####
#@p...#
#Kp##.#
.p># .####
#. #


You could see Pikel and 4 slaves.


Message History

The slave is moderately wounded.
The slave hits you. The slave closely misses you. The slave hits you.
The slave hits you but does no damage.
You hit the slave.
The slave is heavily wounded.
The slave closely misses you.
The slave hits you but does no damage. x2; The slave hits you.
Pikel says, "You'll fetch a fair price!"
The slave hits you but does no damage. x3
Unknown command.
You thump Pikel!
Pikel is heavily wounded.
The slave hits you. x2; The slave hits you but does no damage.
Pikel hits you with a whip of freezing.
* * * LOW HITPOINT WARNING * * *
Pikel freezes you.
* * * LOW HITPOINT WARNING * * *
Unknown command.
You closely miss Pikel.
Pikel is heavily wounded.
The slave hits you but does no damage. The slave hits you.
* * * LOW HITPOINT WARNING * * *
The slave closely misses you. Pikel hits you but does no damage.
You puncture Pikel!
Pikel is severely wounded.
The slave barely misses you. The slave hits you.
* * * LOW HITPOINT WARNING * * *
The slave hits you.
* * * LOW HITPOINT WARNING * * *
Pikel barely misses you. The slave hits you but does no damage.
The slave hits you.
You die...

Skill      XL: |  1  2  3  4  5 |
---------------+----------------+-----
Fighting       | 3 4 |  4.1
Armour         | 1 2 |  2.4
Maces & Flails | 4 |  4.6
Throwing       | |  1.7
Dodging        | |  2.4

Action                   |  1- 3 |  4- 6 || total
-------------------------+-------+-------++-------
Melee: Flail             |    91 |   149 ||   240
       Morningstar       |       |    51 ||    51
  Use: Scroll            |       |     6 ||     6
       Potion            |       |     1 ||     1
  Eat: Chunk             |     1 |     5 ||     6
Armor: Scale mail        |    23 |       ||    23
       Leather armour    |    13 |       ||    13
       Chain mail        |     6 |   178 ||   184
       Skin              |       |    26 ||    26
Dodge: Dodged            |    88 |    97 ||   185

Vault maps used:
D:1:      elethiomel_arrival_shortcut
D:2:      lemuel_crystal_altar, first_bread, uniq_terence, uniq_jessica
D:4:      black_bear_nest_2, serial_shops, kennysheep_mini_moat,
          hangedman_minor_gate_pass, uniq_menkaure, uniq_pikel,
          uniq_crazy_yiuf_cottage

Notes
Turn   | Place    | Note
-------+----------+-------------------------------------------
     0 | D:1      | Jazqa the Gargoyle Gladiator began the quest for the Orb.
     0 | D:1      | Reached XP level 1. HP: 12/12 MP: 1/1
    36 | D:1      | Reached XP level 2. HP: 18/18 MP: 2/2
   662 | D:1      | Reached XP level 3. HP: 22/22 MP: 3/3
   911 | D:2      | Noticed Terence
   922 | D:2      | Killed Terence
   922 | D:2      | Reached skill level 3 in Fighting
   922 | D:2      | Reached skill level 1 in Armour
  1051 | D:2      | Noticed Jessica
  1052 | D:2      | Found an ancient bone altar of Kikubaaqudgha.
  1063 | D:2      | Killed Jessica
  1063 | D:2      | Reached XP level 4. HP: 28/28 MP: 4/4
  1175 | D:2      | Reached skill level 4 in Maces & Flails
  1663 | D:3      | Reached XP level 5. HP: 28/33 MP: 5/5
  1761 | D:3      | Reached skill level 2 in Armour
  1886 | D:3      | Reached skill level 4 in Fighting
  2773 | D:4      | Noticed a slave
  2773 | D:4      | Noticed a slave
  2773 | D:4      | Noticed a slave
  2775 | D:4      | Noticed Pikel
  2776 | D:4      | Noticed a slave
  2780 | D:4      | HP: 3/33 [slave[Pikel] (3)]
  2780 | D:4      | Slain by a slave

Vanquished Creatures
  An orc wizard (D:3)
  Jessica (D:2)
  Terence (D:2)
  3 adders
  A worm (D:3)
  2 dart slugs
  A leopard gecko (D:3)
  13 orcs (D:3)
  10 bats
  2 giant cockroaches
  7 goblins
  7 hobgoblins
  10 jackals
  7 kobolds
  A quokka (D:2)
  A ball python (D:2)
  3 frilled lizards
  3 rats
74 creatures vanquished.
